 Dungeon Crawl Stone Soup version 0.27-a0-887-gcab673c142 (webtiles) character file.

Game seed: 10746818006913500625

37 DarkShadow the Shield-Bearer (level 3, -1/30 HPs)
             Began as a Formicid Fighter on Apr 4, 2021.
             Slain by a goblin
             ... wielding a +0 dagger
              (2 damage)
             ... on level 1 of the Dungeon.
             The game lasted 00:01:51 (742 turns).

DarkShadow the Shield-Bearer (Formicid Fighter)      Turns: 742, Time: 00:01:52

Health: -1/30      AC:  7    Str: 20    XL:     3   Next: 60%
Magic:  3/3        EV:  8    Int:  7    God:
Gold:   28         SH:  9    Dex: 11    Spells: 2/2 levels left

rFire    . . .     SeeInvis +   a - +0 long sword
rCold    . . .     Faith    .   c - +0 kite shield
rNeg     . . .     Spirit   .   b - +0 scale mail
rPois    .         Reflect  .   (helmet unavailable)
rElec    .         Harm     .   (no cloak)
rCorr    .         Rampage  .   (no gloves)
Will     .....                  (no boots)
Stlth    ..........             (no amulet)
HPRegen  0.10/turn              (no ring)
MPRegen  0.08/turn              (no ring)

@: no status effects
A: permanent stasis, dig shafts and tunnels, antennae 3, four strong arms
a: Dig, Shaft Self


You were on level 1 of the Dungeon.
You visited 1 branch of the dungeon, and saw 1 of its levels.

You collected 28 gold pieces.

Inventory:

Hand Weapons
 a - a +0 long sword (weapon)
Armour
 b - a +0 scale mail (worn)
 c - a +0 kite shield (worn)
Scrolls
 e - 2 scrolls of blinking {unknown}
Potions
 d - a potion of might


   Skills:
 + Level 3.7 Fighting
 + Level 2.2 Long Blades
 + Level 3.8 Armour
 + Level 4.2 Shields


You had 2 spell levels left.
You didn't know any spells.
Your spell library was empty.

Dungeon Overview and Level Annotations

Branches:
Dungeon (1/15)

Altars:


Innate Abilities, Weirdness & Mutations

You cannot be hasted, slowed, berserked, paralysed or teleported.
You can dig through walls and to a lower floor.
You have a pair of large antennae on your head. (SInv)
Your four strong arms can wield two-handed weapons with a shield.


Message History

You block the goblin's attack. The ball python barely misses you.
The ball python constricts you.
You hit the endoplasm.
The endoplasm is lightly wounded.
You block the endoplasm's attack. The goblin hits you but does no damage.
The ball python bites you but does no damage.
The ball python constricts you. You block the endoplasm's attack.
The goblin barely misses you.
You riposte.
You closely miss the goblin. You slash the endoplasm!
You kill the endoplasm!
The ball python bites you but does no damage.
The ball python constricts you. The goblin completely misses you.
The ball python bites you but does no damage.
The ball python constricts you. You block the hobgoblin's attack.
You slash the hobgoblin!
You kill the hobgoblin!
You block the ball python's attack.
* * * LOW HITPOINT WARNING * * *
The ball python constricts you. You block the goblin's attack.
The ball python bites you but does no damage.
The ball python constricts you. You block the goblin's attack.
The kobold hits you but does no damage.
You hit the kobold but do no damage.
The ball python bites you but does no damage.
The ball python constricts you. The kobold hits you but does no damage.
The goblin hits you but does no damage.
The ball python bites you but does no damage.
The ball python constricts you.
You hit the kobold.
The kobold is moderately wounded.
The kobold hits you but does no damage. You block the goblin's attack.
You block the ball python's attack. The ball python constricts you.
You slash the kobold!
You kill the kobold!
You block the ball python's attack. The ball python constricts you.
The goblin barely misses you. The ball python bites you.
* * * LOW HITPOINT WARNING * * *
x2 The ball python constricts you.
You block the goblin's attack.
You escape the ball python's grasp.
The goblin hits you with a +0 dagger.
You die...

.... #.# #..8#8......
.... #.# #...........
..... #.# ###.#.......
.....###.# #.##......
.........# ####...######
.........####..........#
............'..........#
≈....≈...####gS........#
###
............@).........#
#..
..≈≈....#####..........#
#.# ..≈≈.(...
#..........# #.#
........#
#........†.####.#
≈....≈...
###.............#
.........
###############
......... #.#....


You could see a goblin and a ball python.

Vanquished Creatures
  A gnoll (D:1)
  2 ball pythons (D:1)
  4 endoplasms (D:1)
  A giant cockroach (D:1)
  A goblin (D:1)
  3 hobgoblins (D:1)
  3 kobolds (D:1)
  3 quokkas (D:1)
  3 bats (D:1)
  A frilled lizard (D:1)
  2 rats (D:1)
24 creatures vanquished.

Notes
Turn   | Place    | Note
-------+----------+-------------------------------------------
     0 | D:1      | DarkShadow the Formicid Fighter began the quest for the
                  | Orb.
     0 | D:1      | Reached XP level 1. HP: 18/18 MP: 1/1
    21 | D:1      | Noticed a minotaur skeleton
   125 | D:1      | Reached XP level 2. HP: 24/24 MP: 2/2
   310 | D:1      | Reached skill level 4 in Shields
   614 | D:1      | Found a faded altar of an unknown god.
   671 | D:1      | Reached XP level 3. HP: 28/29 MP: 3/3
   741 | D:1      | HP: 1/30 [ball python (1)]
   742 | D:1      | Slain by a goblin

Illustrated notes

Levels and vault maps discovered:
D:1:      shiori_arrival_whats_in_store_for_you, layout_basic,
          basic_ecumenical_altar, st_stairs_8, skrybe_limestone_x,
          minmay_statues_item

Skill      XL: |  1  2 |
---------------+-------+-----
Shields        | 4 |  4.2
Fighting       | |  3.7
Long Blades    | |  2.2
Armour         | |  3.8

Action                   || total
-------------------------++-------
Melee: Long sword        ||    58
 Abil: Dig               ||     3
Armor: Scale mail        ||    65
Dodge: Dodged            ||    37
Block: Kite shield       ||    70
       Rpst.: Long sword ||    10

Table legend: (Time is in decaauts)
 A = Elapsed time spent in this place.
 B = Non-inter-level travel time spent in this place.
 C = Inter-level travel time spent in this place.
 D = Time resting spent in this place.
 E = Time spent auto-exploring this place.
 F = Levels seen in this place.
 G = Mean time per level.
                   A        B        C        D        E       F      G
               +--------+--------+--------+--------+--------+-----+--------+
         Total |    769 |    769 |      0 |      0 |    485 |   1 |  769.0 |
       Dungeon |    769 |    769 |      0 |      0 |    485 |   1 |  769.0 |
               +--------+--------+--------+--------+--------+-----+--------+

Top non-repeatable levels by time:
     D:1: 769 daAuts
